 Dungeon Crawl Stone Soup version 0.31.0-11-ge490571c62 (webtiles) character file.

Game seed: 12522658149650637868

24238 wormsofcant the Mimic (level 12, -3/95 HPs)
             Began as an Armataur Shapeshifter on Feb 4, 2024.
             Was a Believer of Hepliaklqana.
             Slain by a yak (11 damage)
             ... on level 3 of the Lair of Beasts.
             The game lasted 00:27:57 (14844 turns).

wormsofcant the Mimic (Armataur Shapeshifter)      Turns: 14844, Time: 00:27:58

Health: -3/95      AC:  7    Str: 20    XL:     12   Next: 78%
Magic:  15/15      EV: 15    Int: 18    God:    Hepliaklqana [**....]
Gold:   607        SH:  5    Dex: 17    Spells: 7/15 levels left

rFire   . . .        a - +7 war axe "Tugiq" {freeze, rC+ Int+4}
rCold   + . .        p - orb {light}
rNeg    . . .        N - melded +0 steam dragon scales
rPois   .            K - +1 helmet
rElec   .            J - +0 cloak
rCorr   .            P - +0 pair of gloves
SInv    .            (no barding)
Will    .....        j - amulet of reflection
Stlth   +            R - +6 ring of dexterity
HPRegen 0.35/turn    G - +5 ring of evasion
MPRegen 0.14/turn

%: reflection, roll
@: maw-form, glowing
A: devouring maw, reduced essence, large, deformed body, tough skin 3, armoured
tail, roll 2
a: Begin Untransformation, Renounce Religion, Recall Ancestor, Ancestor Identity


You were on level 3 of the Lair of Beasts.
You worshipped Hepliaklqana.
Hepliaklqana was pleased with you.
You were a creature with a mouth for a stomach.
You visited 3 branches of the dungeon, and saw 15 of its levels.

You collected 1566 gold pieces.
You spent 959 gold pieces at shops.

Inventory:

Hand Weapons
 a - the +7 war axe "Tugiq" (weapon) {freeze, rC+ Int+4}
   (You bought it in a shop on level 5 of the Dungeon)

   Int+4:     It affects your intelligence (+4).
   rC+:       It protects you from cold.
 b - a +1 heavy shortbow
Missiles
 h - 2 curare-tipped darts
 m - 3 throwing nets
Armour
 g - a +0 helmet
 p - an orb of light (worn)
 J - a +0 cloak (worn)
 K - a +1 helmet (worn)
 N - +0 steam dragon scales (melded)
 O - a +0 troll leather armour
 P - a +0 pair of gloves (worn)
Jewellery
 j - an amulet of reflection (around neck)
 t - a ring of ice
 y - a ring of resist corrosion
 G - a +5 ring of evasion (right hand)
 M - a ring of fire
 R - a +6 ring of dexterity (left hand)
Talismans
 c - a beast talisman
 d - a flux talisman
 I - a blade talisman
 L - a maw talisman (active)
Wands
 q - a wand of roots (13)
 v - a wand of paralysis (22)
 F - a wand of polymorph (7)
Scrolls
 i - 7 scrolls of amnesia {unknown}
 k - 3 scrolls of poison {unknown}
 n - 2 scrolls of vulnerability {unknown}
 o - 2 scrolls of fear
 r - a scroll of brand weapon
 s - 6 scrolls of teleportation
 u - 2 scrolls of noise {unknown}
 w - a scroll of torment
 D - 2 scrolls of revelation
 H - a scroll of enchant armour {unknown}
 S - a scroll of enchant weapon {unknown}
Potions
 e - 3 potions of brilliance {unknown}
 f - 3 potions of might {unknown}
 l - a potion of curing
 x - a potion of ambrosia
 z - 2 potions of attraction {unknown}
 A - 2 potions of degeneration {unknown}
 B - 5 potions of haste
 C - 2 potions of cancellation {unknown}
 E - a potion of resistance {unknown}
 Q - a potion of invisibility {unknown}


   Skills:
 - Level 10.0 Fighting
 - Level 10.0 Axes
 - Level 1.3 Dodging
 - Level 8.0 Unarmed Combat
 - Level 2.0 Spellcasting
 - Level 2.0 Conjurations
 - Level 2.0 Fire Magic
 * Level 3.6 Evocations
 - Level 10.0 Shapeshifting


You had 7 spell levels left.
You knew the following spells:

 Your Spells              Type           Power      Damage    Failure   Level
a - Sting                 Conj/Alch      20%        1d4       12%         1
b - Foxfire               Conj/Fire      36%        2x1d5     8%          1
E - Passwall              Erth           1%         N/A       47%         3
U - Swiftness             Air            1%         N/A       47%         3

Your spell library contained the following spells:

 Spells                   Type           Power      Damage    Failure   Level
 Scorch                   Fire           18%        2d5       12%         2
 Ensorcelled Hibernation  Hex/Ice        2%         N/A       26%         2
 Mercury Vapours          Alch/Air       2%         N/A       26%         2
 Mephitic Cloud           Conj/Alch/Air  4%         N/A       38%         3
 Tukima's Dance           Hex            1%         N/A       47%         3
 Flame Wave               Conj/Fire      9%         2d6       61%         4
 Iskenderun's Mystic Bla  Conj/Tloc      5%         2d3       75%         4
 Dimensional Bullseye     Hex/Tloc       0%         N/A       87%         4
 Olgreb's Toxic Radiance  Alch           1%         N/A       87%         4
 Freezing Cloud           Conj/Ice/Air   2%         6-21      98%         5
 Plasma Beam              Fire/Air       2%         2x1d12    100%        6
 Sculpt Simulacrum        Ice/Alch       0%         N/A       100%        6
 Starburst                Conj/Fire      4%         6d4       100%        6
 Summon Cactus Giant      Summ           0%         N/A       100%        6
 Ozocubu's Refrigeration  Ice            0%         4d7       100%        7
 Polar Vortex             Ice            0%         N/A       100%        9


Dungeon Overview and Level Annotations

Branches:
Dungeon (11/15)            Temple (1/1) D:7            Lair (3/5) D:11
 Spider (0/4) Lair:2
  Swamp: Lair:2-3    Shoals: Lair:2-3       Orc: D:9-12

Altars:
Ashenzari
Cheibriados
Dithmenos
Elyvilon
Fedhas
Gozag
Hepliaklqana
Kikubaaqudgha
Makhleb
Nemelex Xobeh
Okawaru
Qazlal
Ru
Sif Muna
Trog
Uskayaw
Vehumet
Wu Jian
Xom
Yredelemnul
Zin
The Shining One

Shops:
D:4 =   D:5 *:   D:6 *

Annotations:
D:4 2 transporters
D:9 Erolcha
D:11 Lodul


Innate Abilities, Weirdness & Mutations

You are a creature with a mouth for a stomach.
Your midsection houses a second, enormous mouth.
Your life essence is reduced to manifest your ancestor. (-10% HP)
Armour fits poorly on your strangely shaped body.
You have extremely tough skin. (AC +3)
You have a long armoured tail.
You regenerate magic and health when rolling toward enemies. (Rampage Regen)


Message History

The yak completely misses you. The yak closely misses you.
You slash the blink frog!
The blink frog seems to slow down.
You freeze the blink frog.
The blink frog is almost dead.
You hit the yak. You freeze the yak. You slash the yak! You freeze the yak.
You hit the yak but do no damage. You completely miss the yak.
The blink frog hits you but does no damage.
The yak barely misses you.
The yak gores you! x2; The yak closely misses you.
Unknown command.
You hit the yak. You freeze the yak. You tail-slap the yak.
The yak is heavily wounded.
You hit the yak. You freeze the yak. You hit the yak. You freeze the yak.
You slash the yak! You freeze the yak. You slash the blink frog!
The blink frog seems to slow down.
You freeze the blink frog.
You devour the blink frog!
You feel better.
You kill the blink frog!
The yak closely misses you. The yak misses you. The yak gores you.
The yak gores you!
Publius hits the blink frog with a +0 quarterstaff!
You hit the yak. You freeze the yak. You bite the yak.
The yak is severely wounded.
You hit the yak. You freeze the yak. You slash the yak! You freeze the yak.
You hit the yak. You freeze the yak. The yak gores you! The yak misses you. x2
The yak gores you!
* * * LOW HITPOINT WARNING * * *
Publius hits the blink frog with a +0 quarterstaff!!
You hit the yak. You freeze the yak. You tail-slap the yak!
The yak is almost dead.
You slash the yak! You freeze the yak. You hit the yak. You freeze the yak.
You hit the yak but do no damage.
The blink frog misses Publius.
The yak gores you!
* * * LOW HITPOINT WARNING * * *
The yak barely misses you. The yak gores you!
* * * LOW HITPOINT WARNING * * *
The yak barely misses you.
The blink frog blinks!
As you read the scroll of fear, it crumbles to dust.
You assume a fearsome visage.
The yak looks frightened! x2
The yak resists with some effort.
The yak looks frightened!
The blink frog looks frightened!
The blink frog blinks!
The yak gores you!
You die...

..♣.♣♣♣♣....♣........
.....F...............
.................§...
..........##..##....
#P.....####..# .
#..§....###..#
##.....###..##
#..Y.Y.##..## .
#.Y.W.##...†##....
#......#..)..'....#
#.YR...##.##.......
#.....#### ##....#
#.......# (....
........... ....
............. ...
............... ...
...............


You could see the friendly Publius the battlemage, 4 yaks and a blink frog
(fleeing, ally target).

Vanquished Creatures
  Gastronok (D:10)
  A hydra (Lair:2)
  A pharaoh ant (Lair:2)
  Amaemon (Lair:3)
  A skyshark (Lair:2)
  3 elephants (Lair:2)
  An orange demon (Lair:3)
  4 cane toads
  A rime drake (Lair:2)
  7 komodo dragons
  A troll (D:11)
  Prince Ribbit (Lair:1)
  8 blink frogs
  3 hornets
  A shadow (D:10)
  A wyvern (Lair:2)
  3 steam dragons
  32 yaks
  Grum (Lair:1)
  An acid dragon (D:9)
  4 water moccasins
  A black bear (D:7)
  3 orc warriors
  2 ice beasts
  8 sky beasts
  7 ogres
  A tengu (Lair:2)
  16 wolves
  2 centaurs
  A kobold brigand (D:8)
  2 scorpions
  8 bullfrogs
  2 gnoll sergeants
  6 killer bees (D:9)
  A howler monkey (D:7)
  2 bombardier beetles (D:5)
  A jelly (D:4)
  7 hounds
  3 orc priests
  2 sleepcaps
  2 iguanas
  An orc wizard (D:7)
  5 adders
  24 gnolls
  4 shadow imps
  A white imp (D:6)
  4 ufetubi
  5 ribbon worms
  3 dart slugs
  14 orcs
  13 ball pythons
  7 endoplasms
  2 giant cockroaches
  9 goblins
  10 hobgoblins
  3 jackals (D:1)
  5 quokkas
  7 bats
  2 frilled lizards (D:2)
  10 kobolds
  A rat (D:3)
284 creatures vanquished.

Vanquished Creatures (collateral kills)
  2 elephants (Lair:2)
  A cane toad (Lair:2)
  A tarantella (Lair:2)
  3 blink frogs (Lair:2)
  3 yaks (Lair:1)
  A redback (Lair:2)
  A swamp worm (Lair:3)
  3 wolves (Lair:1)
  A hound (D:11)
  A foxfire (Lair:2)
17 creatures vanquished.

Vanquished Creatures (others)
  An ancestor (D:11)
  6 battlemagi
  144 foxfires
151 creatures vanquished.

Grand Total: 452 creatures vanquished

Notes
Turn   | Place    | Note
-------+----------+-------------------------------------------
     0 | D:1      | wormsofcant the Armataur Shapeshifter began the quest for
                  | the Orb.
     0 | D:1      | Reached XP level 1. HP: 15/15 MP: 1/1
   120 | D:1      | Reached XP level 2. HP: 22/22 MP: 2/2
   506 | D:1      | Learned a level 1 spell: Sting
   859 | D:1      | Reached XP level 3. HP: 24/27 MP: 3/3
   900 | D:2      | You fall into a shaft and drop 2 floors!
   900 | D:4      | Found Gootsoj's Jewellery Emporium.
   997 | D:4      | Reached XP level 4. HP: 33/34 MP: 4/4
  1594 | D:2      | Reached XP level 5. HP: 39/39 MP: 5/5
  1789 | D:3      | Reached skill level 5 in Shapeshifting
  2494 | D:4      | Found a transporter.
  2520 | D:4      | Noticed an ogre
  2524 | D:4      | Killed an ogre
  2531 | D:4      | Reached XP level 6. HP: 46/46 MP: 6/6
  2823 | D:4      | Found a white marble altar of Elyvilon.
  2826 | D:4      | Found a radiant altar of Vehumet.
  2828 | D:4      | Found a snail-covered altar of Cheibriados.
  2854 | D:4      | Found a transporter.
  3064 | D:5      | Entered Level 5 of the Dungeon
  3455 | D:5      | Gained mutation: You regenerate magic and health when
                  | rolling toward enemies. (Rampage Regen) [Armataur growth]
  3455 | D:5      | Reached XP level 7. HP: 43/51 MP: 7/7
  3572 | D:5      | Found Poifekh's Book Boutique.
  3593 | D:5      | Noticed a hornet
  3607 | D:5      | Killed a hornet
  4161 | D:5      | Found Boulom's Assorted Antiques.
  4167 | D:5      | Bought a bubbling puce potion for 21 gold pieces
  4167 | D:5      | Bought a scroll labelled XENUQY RYFY for 24 gold pieces
  4167 | D:5      | Bought a cyan potion for 21 gold pieces
  4167 | D:5      | Bought a fuming amethyst potion for 21 gold pieces
  4167 | D:5      | Bought a fine war axe for 204 gold pieces
  4167 | D:5      | Identified the +7 war axe "Tugiq" {freeze, rC+ Int+4} (You
                  | bought it in a shop on level 5 of the Dungeon)
  4665 | D:6      | Reached XP level 8. HP: 45/67 MP: 8/8
  4675 | D:6      | Reached skill level 5 in Fighting
  5179 | D:6      | Reached skill level 1 in Axes
  5346 | D:6      | Found Recroehota's General Store.
  5367 | D:6      | Bought a scroll of identify for 20 gold pieces
  5990 | D:6      | Learned a level 3 spell: Passwall
  5994 | D:6      | Learned a level 3 spell: Swiftness
  6071 | D:7      | Reached XP level 9. HP: 70/75 MP: 9/9
  6113 | D:7      | Reached skill level 5 in Axes
  6138 | D:7      | Learned a level 1 spell: Foxfire
  6196 | D:7      | Found a shimmering blue altar of Sif Muna.
  6597 | D:7      | Found a staircase to the Ecumenical Temple.
  6606 | Temple   | Entered the Ecumenical Temple
  6618 | Temple   | Became a worshipper of Hepliaklqana the Forgotten
  6851 | D:8      | HP: 5/112 [hornet (11)]
  6853 | D:8      | HP: 1/112 [hornet (9)]
  6859 | D:8      | Reached skill level 1 in Conjurations
  8101 | D:8      | Found a burning altar of Makhleb.
  8150 | D:8      | Found an opulent altar of Gozag.
  8157 | D:8      | Found a glowing golden altar of the Shining One.
  8268 | D:9      | Reached XP level 10. HP: 61/83 MP: 13/13
  8788 | D:9      | Noticed Erolcha
  8801 | D:10     | Entered Level 10 of the Dungeon
  9290 | D:10     | Reached skill level 10 in Shapeshifting
  9290 | D:10     | Reached skill level 1 in Fire Magic
  9517 | D:10     | Identified a scroll of acquirement
  9518 | D:10     | Acquired 691 gold pieces
  9632 | D:4      | Bought a +5 ring of evasion for 468 gold pieces
  9689 | D:6      | Bought a potion of haste for 100 gold pieces
  9689 | D:6      | Bought a scroll of teleportation for 30 gold pieces
  9689 | D:6      | Bought a scroll of teleportation for 30 gold pieces
  9689 | D:6      | Bought a scroll of identify for 20 gold pieces
 10228 | D:10     | Noticed Gastronok
 10245 | D:10     | Killed Gastronok
 10246 | D:10     | Reached XP level 11. HP: 46/94 MP: 14/14
 10459 | D:9      | Reached skill level 5 in Unarmed Combat
 10734 | D:10     | Reached * piety under Hepliaklqana
 10855 | D:11     | Noticed Lodul
 10870 | D:11     | Found a staircase to the Lair.
 11023 | D:11     | Found a gate leading to a gauntlet.
 11345 | Lair:1   | Entered Level 1 of the Lair of Beasts
 11824 | Lair:1   | Identified the +0 buckler of the Harvest Moon {Harm rN+++
                  | Str-4 Int-4}
 12204 | Lair:1   | Reached ** piety under Hepliaklqana
 12205 | Lair:1   | Remembered your ancestor Publius as a battlemage
 12427 | Lair:1   | Noticed Grum
 12434 | Lair:1   | Killed Grum
 12954 | Lair:2   | Noticed Sonja
 12956 | Lair:2   | Noticed Prince Ribbit
 12959 | Lair:2   | Sonja changed into Sonja the tengu
 12959 | Lair:2   | Noticed Sonja
 12959 | Lair:2   | Noticed a pharaoh ant
 13027 | Lair:2   | Reached XP level 12. HP: 90/90 MP: 15/15
 13048 | Lair:2   | Noticed a six-headed hydra
 13119 | Lair:1   | Killed Prince Ribbit
 13318 | Lair:2   | Killed Sonja the tengu
 13408 | Lair:2   | Reached skill level 10 in Axes
 13920 | Lair:2   | Found a hole to the Spider Nest.
 14353 | Lair:2   | Killed a six-headed hydra
 14635 | Lair:3   | Noticed Amaemon
 14646 | Lair:3   | Reached skill level 10 in Fighting
 14657 | Lair:3   | Killed Amaemon
 14844 | Lair:3   | Slain by a yak

Illustrated notes

Levels and vault maps discovered:
D:1:      minmay_arrival_four_circles, layout_basic
D:2:      layout_basic
D:3:      minmay_angry_zag, layout_basic, kennysheep_decorative_pillar,
          grunt_decor_one_mirror
D:4:      gammafunk_wand_slinger, layout_cave_pools,
          grunt_temple_overflow_diamond, serial_shops, nicolae_shop_stone,
          glass_columns_a, grunt_ministairs_8, grunt_decor_arrowhead,
          chequers_hall_statues_corner_a
D:5:      layout_layer_cave, serial_shops, shop, shop
D:6:      hellmonk_destroyed_diamonds, layout_basic, serial_shops, shop,
          chequers_serial_rivers_micro_a, minmay_fractal_squares_diagonal_5
D:7:      layout_basic, old_standard_altar, lemuel_temple_firewalk_b,
          minmay_holes
D:8:      layout_basic, lightli_temple_of_fire, mainiacjoe_overflow_big_doors
D:9:      layout_rooms, uniq_erolcha
D:10:     layout_small_grid, uniq_gastronok
D:11:     layout_stronghold, erik_lair_island, orc_david_3,
          nicolae_trove_entry_columns, serial_shops, nicolae_shop_stone,
          gauntlet_entry_generic, uniq_lodul
Temple:   bh_familiar_temple
Lair:1:   layout_gridlike, uniq_grum
Lair:2:   layout_cave_pods, nicolae_spider_entry_lesser_pyramids,
          uniq_prince_ribbit2, uniq_sonja
Lair:3:   wander_river, layout_regular_city, palyth_hydra_swamp_entry,
          kennysheep_rathole, uniq_amaemon

Skill      XL: |  1  2  3  4  5  6  7  8  9 10 11 12 |
---------------+-------------------------------------+-----
Shapeshifting  | 3 4 5 7 8 10 | 10.0
Fighting       | 4 6 8 10 | 10.0
Axes           | 4 6 8 10 | 10.0
Spellcasting   | 2 |  2.0
Conjurations   | 2 |  2.0
Fire Magic     | 2 |  2.0
Unarmed Combat | 4 8 |  8.0
Evocations     | 3 |  3.6
Dodging        | |  1.3

Action                     |  1- 3 |  4- 6 |  7- 9 | 10-12 || total
---------------------------+-------+-------+-------+-------++-------
  Melee: Unarmed           |    58 |    10 |    14 |    66 ||   148
         Tailslap          |     9 |     4 |    17 |    67 ||    97
         Dagger            |       |    26 |       |       ||    26
         War axe           |       |       |   124 |   281 ||   405
         Punch             |       |       |     2 |     5 ||     7
         Maw               |       |       |       |    87 ||    87
   Fire: Shortbow          |       |   129 |    64 |       ||   193
   Cast: Foxfire           |       |       |     9 |    74 ||    83
 Invoke: Recall Ancestor   |       |       |       |     3 ||     3
         Ancestor Life: Ba |       |       |       |     1 ||     1
Ability: Begin Untransform |       |     1 |       |       ||     1
  Evoke: Wand              |       |       |     2 |     8 ||    10
    Use: Potion            |       |     1 |     5 |     6 ||    12
         Scroll            |       |       |     7 |     8 ||    15
   Stab: Sleeping          |     1 |       |       |       ||     1
         Fleeing           |       |       |       |     1 ||     1
 Armour: Animal skin       |    25 |    70 |   127 |    42 ||   264
         Skin              |       |     6 |    25 |   249 ||   280
         Steam dragon scal |       |       |       |    45 ||    45
  Dodge: Dodged            |    22 |    46 |    54 |   257 ||   379
  Block: Other             |     3 |    20 |    39 |    26 ||    88
         Reflection        |       |     2 |     1 |       ||     3
   Form: Beast             |       |     1 |       |       ||     1
         Blade             |       |       |       |     1 ||     1
         Maw               |       |       |       |     1 ||     1
